 Dungeon Crawl Stone Soup version 0.18.1-47-g9310371 (console) character file.

51 Kloppie the Skirmisher (level 3, -9/24 HPs)
             Began as a Gargoyle Fighter on June 15, 2016.
             Killed by nerve-wracking pain
             ... invoked by an orc priest
              (13 damage)
             ... on level 3 of the Dungeon.
             The game lasted 00:01:53 (1706 turns).

Kloppie the Skirmisher (Gargoyle Fighter)           Turns: 1706, Time: 00:01:53

Health: -9/24      AC: 10    Str: 19    XL:     3   Next: 81%
Magic:  3/3        EV:  7    Int:  8    God:
Gold:   130        SH:  9    Dex: 10    Spells: 0 memorised, 2 levels left

rFire  . . .     SeeInvis .     a - +0 flail
rCold  . . .     Gourm    .     b - +0 scale mail
rNeg   + . .     Faith    .     c - +0 shield
rPois  ∞         Spirit   .     (no helmet)
rElec  +         Dismiss  .     (no cloak)
rCorr  .         Reflect  .     (no gloves)
SustAt .         Harm     .     (no boots)
MR     .....                    (no amulet)
Stlth  ..........               (no ring)
                                (no ring)

@: not resistant to hostile enchantments, extremely unstealthy
A: negative energy resistance 1, electricity resistance, unbreathing,
petrification resistance, rot immunity, AC +3
a: no special abilities


You were on level 3 of the Dungeon.
You were not hungry.

You visited 1 branch of the dungeon, and saw 3 of its levels.

You collected 130 gold pieces.

Inventory:

Hand Weapons
 a - a +0 flail (weapon)
Armour
 b - a +0 scale mail (worn)
 c - a +0 shield (worn)
Jewellery
 j - a +5 ring of protection {unknown}
Scrolls
 e - a scroll of identify {unknown}
 g - 3 scrolls of magic mapping {unknown}
 h - a scroll of remove curse {unknown}
 k - a scroll of recharging {unknown}
 p - a scroll of enchant armour {unknown}
Potions
 d - a potion of might
 i - a potion of agility
 m - a potion of heal wounds {unknown}
 n - a potion of invisibility {unknown}
 o - a potion of degeneration {unknown}
Comestibles
 f - 2 bread rations
 l - a meat ration
 q - 4 chunks of flesh


   Skills:
 + Level 3.7 Fighting
 * Level 3.3 Maces & Flails
 - Level 3.2 Armour
 + Level 3.7 Shields


You had 2 spell levels left.
You didn't know any spells.

Dungeon Overview and Level Annotations

Branches:
Dungeon (3/15)

Altars:


Innate Abilities, Weirdness & Mutations

You are resistant to torment.
Your stone body is resilient (AC +3).
You are immune to poison.
You resist negative energy.
You are resistant to electric shocks.
You can survive without breathing.
You are immune to petrification.
You are immune to rotting.


Message History

You start resting.
Eating one of 5 chunks of flesh.
This raw flesh tastes terrible.
You continue eating. x2
HP restored.
There is a stone staircase leading down here.
You climb downwards.
There is a stone staircase leading up here.
You see here a club.
The orc priest calls down the wrath of Beogh upon you.
Beogh smites you! The orc priest barely misses you.
You closely miss the orc priest.
The orc priest invokes the aid of Beogh against you.
Pain shoots through your body!
* * * LOW HITPOINT WARNING * * *
You barely miss the orc priest.
The orc priest invokes the aid of Beogh against you.
Pain shoots through your body!
Ouch! That really hurt!
You die...

.## . ... ###
#.##.##.##
........##
#......####
#...<.....#
#..>...<#.#
#........#.#.#.##
##.#.##)##@))..%#
..^.....o†.....#
........##......##
##......##.#.#.##
...#####.#%#.# ...
#.#.# # #....
#..#.


You could see an orc priest.

Vanquished Creatures
  2 adders (D:2)
  A dart slug (D:1)
  4 orcs
  5 goblins
  4 hobgoblins
  A kobold (D:1)
  3 bats
  A giant newt (D:1)
  6 rats
27 creatures vanquished.

Notes
Turn   | Place    | Note
--------------------------------------------------------------
     0 | D:1      | Kloppie the Gargoyle Fighter began the quest for the Orb.
     0 | D:1      | Reached XP level 1. HP: 14/14 MP: 1/1
     4 | D:1      | Noticed a minotaur zombie
    16 | D:1      | Noticed a merfolk zombie
    18 | D:1      | Noticed a minotaur zombie
   331 | D:1      | Reached XP level 2. HP: 14/19 MP: 2/2
   807 | D:2      | Reached XP level 3. HP: 17/23 MP: 3/3
  1706 | D:3      | Killed from afar by an orc priest

Skill      XL: |  1  2 |
---------------+-------+-----
Maces & Flails | 3 |  3.3
Fighting       | |  3.7
Armour         | |  3.2
Shields        | |  3.7

Action                   || total
-------------------------++-------
Melee: Flail             ||   121
  Eat: Chunk             ||     3
Armor: Scale mail        ||    56
Dodge: Dodged            ||    46
Block: Shield            ||    66
